 Dungeon Crawl Stone Soup version 0.27-a0-1071-ga85bd9520d (console) character file.

Game seed: 2675913588174028401

72 nht the Digger (level 4, -5/30 HPs)
             Began as a Demonspawn Earth Elementalist on Apr 24, 2021.
             Slain by Robin
             ... wielding a +2 mace of holy wrath
              (11 damage)
             ... on level 4 of the Dungeon.
             The game lasted 00:03:26 (2166 turns).

nht the Digger (Demonspawn Earth Elementalist)      Turns: 2166, Time: 00:03:27

Health: -5/30      AC:  4    Str:  8    XL:     4   Next: 7%
Magic:  5/7        EV: 12    Int: 18    God:
Gold:   63         SH:  4    Dex: 13    Spells: 6/7 levels left

rFire    . . .     SeeInvis .     - Unarmed
rCold    . . .     Faith    .   (no shield)
rNeg     . . .     Spirit   .   c - +0 robe
rPois    .         Reflect  .   a - +2 hat
rElec    .         Harm     .   (no cloak)
rCorr    .         Rampage  .   (no gloves)
Will     .....                  (no boots)
Stlth    ++........             (no amulet)
HPRegen  0.10/turn              (no ring)
MPRegen  0.10/turn              (no ring)

@: brilliant, attractive, hasted, very quick
A: claws 2, condensation shield
a: no special abilities


You were on level 4 of the Dungeon.
You visited 1 branch of the dungeon, and saw 4 of its levels.

You collected 85 gold pieces.
You spent 22 gold pieces at shops.

Inventory:

Missiles
 f - 7 javelins
 j - 15 poisoned darts
Armour
 a - a +2 hat (worn)
 c - a +0 robe (worn)
Scrolls
 d - 3 scrolls of noise {unknown}
 e - a scroll of fear {unknown}
 h - a scroll of magic mapping {unknown}
 i - a scroll of amnesia {unknown}
 k - a scroll of enchant weapon {unknown}
 l - a scroll of identify


   Skills:
 - Level 1.7 Dodging
 - Level 1.7 Stealth
 + Level 1.6 Unarmed Combat
 - Level 2.0 Spellcasting
 - Level 0.8 Transmutations
 - Level 4.0 Earth Magic


You had 6 spell levels left.
You knew the following spells:

 Your Spells              Type           Power      Damage    Failure   Level
a - Sandblast             Erth           48%        2d12      3%          1

Your spell library contained the following spells:

 Spells                   Type           Power      Damage    Failure   Level
 Passwall                 Tmut/Erth      13%        N/A       10%         2
 Foxfire                  Conj/Fire      8%         2x1d4     19%         1
 Freeze                   Ice            8%         1d3       19%         1
 Summon Small Mammal      Summ           8%         N/A       19%         1
 Stone Arrow              Conj/Erth      26%        3d8       24%         3
 Call Imp                 Summ           2%         N/A       26%         2
 Call Canine Familiar     Summ           2%         N/A       47%         3
 Conjure Flame            Conj/Fire      2%         6-21      47%         3
 Frozen Ramparts          Ice            4%         1d2       47%         3
 Inner Flame              Hex/Fire       2%         N/A       47%         3
 Ozocubu's Armour         Ice            2%         N/A       47%         3
 Summon Guardian Golem    Hex/Summ       2%         N/A       47%         3
 Petrify                  Tmut/Erth      16%        N/A       54%         4
 Lee's Rapid Deconstruct  Erth           12%        3d9*      67%         5
 Hailstorm                Conj/Ice       2%         3d3       87%         4
 Sticky Flame             Conj/Fire      2%         2d3       87%         4
 Summon Ice Beast         Ice/Summ       2%         N/A       87%         4
 Summon Lightning Spire   Summ/Air       2%         N/A       87%         4
 Fireball                 Conj/Fire      1%         3d3       99%         5
 Metabolic Englaciation   Hex/Ice        1%         N/A       99%         5


Dungeon Overview and Level Annotations

Branches:
Dungeon (4/15)
 Temple: D:4-7

Altars:
Sif Muna

Shops:
D:2 *(!?

Annotations:
D:4 Robin


Innate Abilities, Weirdness & Mutations

You have very sharp fingernails.
A meltable shield of frost defends you. (SH +4)


Message History

The ball python grabs you. The ball python constricts you.
Robin hits you but does no damage. The ball python barely misses you.
The ball python constricts you.
It was a potion of brilliance.
You feel clever all of a sudden.
Robin hits you with a +2 mace of holy wrath.
You convulse.
The ball python barely misses you. The ball python constricts you.
You escape the ball python's grasp.
Found a stone staircase leading up.
The ball python barely misses you. x2; The ball python misses you.
The ball python grabs you. The ball python constricts you.
You escape the ball python's grasp.
You see here a silvery potion.
It was a potion of haste.
You feel yourself speed up. Robin misses you.
The ball python bites you but does no damage.
You block the ball python's attack.
A goblin comes into view. It is wielding a +0 club.
The goblin shouts!
You hear an angry hiss.
Robin is pulled toward you! The goblin is pulled toward you!
Robin roars a battlecry!
The goblin goes into a battle-frenzy!
Robin is pulled toward you! The goblin is pulled toward you!
The ball python is pulled toward you! Robin is pulled toward you!
The ball python is pulled toward you! Robin throws the goblin at you!
Robin is pulled toward you! The ball python is pulled toward you!
You closely miss the goblin. The goblin hits you with a +0 club.
Robin closely misses you.
You barely miss the goblin. The goblin barely misses you.
Robin hits you with a +2 mace of holy wrath.
* * * LOW HITPOINT WARNING * * *
You convulse.
* * * LOW HITPOINT WARNING * * *
You closely miss the goblin.
A goblin comes into view. It is wielding a +0 dagger.
You block the goblin's attack. The goblin is pulled toward you!
You closely miss the goblin.
Robin hits you with a +2 mace of holy wrath!
You die...

.. ..██.......█ █.
█.██.......<
█.████.██.██.......█
...........██.......█
█.███...g...>...██.█
.█.....█............█
.........████████████


████████g██ ......g@.█ ██████████ You could see Robin and 2 goblins.

Vanquished Creatures
  3 adders
  2 dart slugs
  An orc (D:3)
  2 bats
  3 endoplasms
  2 giant cockroaches (D:2)
  5 goblins
  4 hobgoblins
  A quokka (D:2)
  4 ball pythons
  A frilled lizard (D:1)
  6 kobolds
  5 rats
39 creatures vanquished.

Notes
Turn   | Place    | Note
-------+----------+-------------------------------------------
     0 | D:1      | nht the Demonspawn Earth Elementalist began the quest for
                  | the Orb.
     0 | D:1      | Reached XP level 1. HP: 13/13 MP: 3/3
    60 | D:2      | Found Isme's Assorted Antiques.
   111 | D:1      | Reached skill level 3 in Earth Magic
   271 | D:1      | Gained mutation: A meltable shield of frost defends you.
                  | (SH +4) [demonic ancestry]
   271 | D:1      | Reached XP level 2. HP: 19/19 MP: 3/5
  1017 | D:2      | Found Ybbo Vur's Distillery.
  1124 | D:2      | Found Mimaoh's Antique Weapon Shoppe.
  1127 | D:2      | Gained mutation: You have sharp fingernails. [demonic
                  | ancestry]
  1127 | D:2      | Reached XP level 3. HP: 24/24 MP: 1/6
  1228 | D:2      | Found a shimmering blue altar of Sif Muna.
  1302 | D:2      | Reached skill level 4 in Earth Magic
  1601 | D:2      | Found Bugu's Magic Scroll Shoppe.
  1619 | D:2      | Bought a scroll of identify for 22 gold pieces
  1864 | D:2      | Reached skill level 1 in Unarmed Combat
  1931 | D:3      | Found a faded altar of an unknown god.
  2050 | D:3      | Gained mutation: You have very sharp fingernails. [demonic
                  | ancestry]
  2050 | D:3      | Reached XP level 4. HP: 30/30 MP: 5/7
  2133 | D:3      | You fall into a shaft and drop 1 floor!
  2139 | D:4      | Noticed Robin
  2166 | D:4      | Slain by Robin

Illustrated notes

Levels and vault maps discovered:
D:1:      elethiomel_arrival_quiet, layout_basic, st_stairs_14,
          amcnicky_mini_pool_small
D:2:      layout_loops_corners, basic_altar, serial_shops, shop,
          nicolae_shop_statue_plus, shop, shop
D:3:      layout_loops_cross, ebering_ecumenical_altar_rust, uniq_jessica
D:4:      layout_loops_ring, grunt_temple_overflow_open, gammafunk_ghost_smash,
          uniq_robin

Skill      XL: |  1  2  3 |
---------------+----------+-----
Earth Magic    | 3 4 |  4.0
Unarmed Combat | 1 |  1.6
Dodging        | |  1.7
Stealth        | |  1.7
Spellcasting   | |  2.0
Transmutations | |  0.8

Action                   |  1- 3 |  4- 6 || total
-------------------------+-------+-------++-------
Melee: Unarmed           |     7 |    11 ||    18
 Cast: Sandblast         |    48 |     6 ||    54
  Use: Potion            |       |     3 ||     3
Armor: Robe              |     5 |     8 ||    13
Dodge: Dodged            |    11 |    15 ||    26
Block: Other             |     3 |     5 ||     8

Table legend: (Time is in decaauts)
 A = Elapsed time spent in this place.
 B = Non-inter-level travel time spent in this place.
 C = Inter-level travel time spent in this place.
 D = Time resting spent in this place.
 E = Time spent auto-exploring this place.
 F = Levels seen in this place.
 G = Mean time per level.
                   A        B        C        D        E       F      G
               +--------+--------+--------+--------+--------+-----+--------+
         Total |   2161 |   2119 |     42 |      0 |   1891 |   4 |  540.2 |
       Dungeon |   2161 |   2119 |     42 |      0 |   1891 |   4 |  540.2 |
               +--------+--------+--------+--------+--------+-----+--------+

Top non-repeatable levels by time:
     D:2: 1035 daAuts
     D:1: 882 daAuts
     D:3: 215 daAuts
     D:4: 28 daAuts
